 Dungeon Crawl Stone Soup version 0.29.1-1-gd02db69 (webtiles) character file.

Game seed: 5513622958841916329

163 Timinator the Insei (level 5, -2/41 HPs)
             Began as a Demigod Transmuter on Jan 12, 2023.
             Slain by a gnoll
             ... wielding a +0 flail
             ... led by a gnoll bouda
              (6 damage)
             ... on level 3 of the Dungeon.
             The game lasted 00:07:07 (2494 turns).

Timinator the Insei (Demigod Transmuter)            Turns: 2494, Time: 00:07:07

Health: -2/41      AC:  3    Str: 11    XL:     5   Next: 0%
Magic:  7/10       EV: 12    Int: 15    God:
Gold:   196        SH:  0    Dex: 18    Spells: 5/8 levels left

rFire   . . .      SeeInvis .     - Unarmed
rCold   . . .      Faith    .   (no shield)
rNeg    . . .      Spirit   .   n - +0 leather armour
rPois   +          Reflect  .   (helmet currently unavailable)
rElec   .          Harm     .   (no cloak)
rCorr   .          Rampage  .   (no gloves)
Will    .....                   (boots currently unavailable)
Stlth   +.........              (no amulet)
HPRegen 0.13/turn               q - ring of poison resistance
MPRegen 0.12/turn               (no ring)

@: appendages (expiring), weakened, wereblooded (expiring)
A: horns 2, talons 2, high MP 1, forlorn, divine attributes
a: End Transformation


You were on level 3 of the Dungeon.
You had temporarily grown beastly horns and talons.
You visited 1 branch of the dungeon, and saw 3 of its levels.

You collected 196 gold pieces.

Inventory:

Armour
 a - a +1 helmet (melded)
 d - a +2 hat
 h - a +0 pair of boots (melded)
 n - a +0 leather armour (worn)
 s - a +0 ring mail
Jewellery
 q - a ring of poison resistance (left hand)
Scrolls
 b - 3 scrolls of magic mapping {unknown}
 c - 2 scrolls of identify {unknown}
 e - a scroll of poison {unknown}
 f - a scroll of torment {unknown}
 g - 2 scrolls of summoning {unknown}
 i - a scroll of brand weapon {unknown}
 j - a scroll of teleportation {unknown}
 l - a scroll of amnesia {unknown}
 m - a scroll of fog {unknown}
Potions
 k - a potion of curing {unknown}
 o - a potion of magic {unknown}
 p - 2 potions of flight {unknown}
 r - a potion of degeneration {unknown}


   Skills:
 * Level 1.8 Fighting
 * Level 1.8 Armour
 * Level 2.5 Dodging
 * Level 3.7 Unarmed Combat
 - Level 2.0 Spellcasting
 * Level 2.3 Transmutations


You had 5 spell levels left.
You knew the following spells:

 Your Spells              Type           Power      Damage    Failure   Level
a - Beastly Appendage     Tmut           16%        N/A       11%         1
b - Wereblood             Tmut           8%         N/A       17%         2

Your spell library contained the following spells:

 Spells                   Type           Power      Damage    Failure   Level
 Freeze                   Ice            4%         1d3       28%         1
 Spider Form              Tmut/Pois      5%         N/A       47%         3
 Frozen Ramparts          Ice            2%         1d1       65%         3
 Ice Form                 Ice/Tmut       5%         N/A       87%         4
 Hailstorm                Conj/Ice       1%         3d3       96%         4


Dungeon Overview and Level Annotations

Branches:
Dungeon (3/15)


Innate Abilities, Weirdness & Mutations

You have temporarily grown beastly horns and talons.
You have an increased reservoir of magic. (+10% MP)
You shall have no god before yourself.
Your divine heritage dramatically boosts your attributes as you level up.


Message History

You kill the gnoll!
You hear a splash.
A nearby plant withers and dies.
The gnoll bouda hits you with a +0 club.
You punch the gnoll! Your headbutt misses the gnoll.
The gnoll is severely wounded.
A nearby plant withers and dies.
The gnoll bouda hits you with a +0 club.
You barely miss the gnoll. Your headbutt misses the gnoll.
The gnoll is severely wounded.
Your primal bloodlust is almost over.
You hit the gnoll. You claw the gnoll.
You feel a bit better.
You kill the gnoll!
You hear a splash.
The gnoll bouda gazes fiercely through you!
You feel your attacks grow feeble.
The gnoll bouda hits you with a +0 club.
You have reached level 5!
You barely miss the gnoll bouda. The gnoll hits you with a +0 flail!
* * * LOW HITPOINT WARNING * * *
The gnoll hits you with a +0 club.
* * * LOW HITPOINT WARNING * * *
Okay, then.
You hit the gnoll bouda but do no damage.
You claw the gnoll bouda. You headbutt the gnoll bouda!
The gnoll bouda is heavily wounded.
The gnoll bouda closely misses you.
The gnoll splashes around in the water.
The gnoll misses you.
You closely miss the gnoll bouda. You claw the gnoll bouda.
The gnoll bouda is severely wounded.
The gnoll is no longer moving quickly.
The gnoll bouda completely misses you. The gnoll hits you with a +0 flail!
* * * LOW HITPOINT WARNING * * *
The gnoll closely misses you.
You hit the gnoll bouda.
The gnoll bouda is severely wounded.
The gnoll bouda barks out a call to the hunt!
The gnoll picks up the pace!
The gnoll hits you with a +0 flail.
You die...

.......... ###....#
.......... ........##.
.........# ...........
.........# #..........
.........# #..........
.........######..#.......
......=..##†.....#.......
.....~~.~..<#....#....#..
.#.P~PP)@g####..###..###.
.P..~~Pgg##.#..## ##..#..
P.P~♣~~.~#..))).###..††.#
P♣~~~P~~.....#)..#...#.†#
♣~~~.~.####.###.....###..
P~....# ### ##._.## ##.
..... #.###.....###..
..... ##.#...#...#..#
P... #....###.....#


You could see a gnoll bouda and 2 gnolls.

Vanquished Creatures
  An orc wizard (D:3)
  Robin (D:2)
  2 gnolls (D:3)
  3 adders
  2 worms
  3 dart slugs
  2 orcs (D:3)
  7 bats
  4 endoplasms
  2 giant cockroaches (D:2)
  12 goblins
  7 hobgoblins
  4 jackals (D:2)
  A quokka (D:3)
  6 ball pythons
  4 frilled lizards
  6 kobolds
  3 rats
70 creatures vanquished.

Vanquished Creatures (others)
  33 plants (D:3)
33 creatures vanquished.

Grand Total: 103 creatures vanquished

Notes
Turn   | Place    | Note
-------+----------+-------------------------------------------
     0 | D:1      | Timinator the Demigod Transmuter began the quest for the
                  | Orb.
     0 | D:1      | Reached XP level 1. HP: 15/15 MP: 5/5
    49 | D:1      | Reached skill level 1 in Fighting
   574 | D:1      | Reached XP level 2. HP: 23/23 MP: 7/7
   703 | D:1      | Learned a level 2 spell: Wereblood
   962 | D:1      | Reached skill level 3 in Unarmed Combat
  1414 | D:2      | Reached XP level 3. HP: 28/28 MP: 4/8
  1616 | D:2      | Noticed Robin
  1637 | D:2      | Reached skill level 1 in Armour
  1641 | D:2      | Killed Robin
  1741 | D:2      | Reached XP level 4. HP: 15/35 MP: 7/9
  2491 | D:3      | Reached XP level 5. HP: 23/41 MP: 7/10
  2494 | D:3      | Slain by a gnoll

Illustrated notes

Levels and vault maps discovered:
D:1:      nzn_arrival_water_spiral, layout_loops_corners, minmay_liquid_box,
          dreamdust_wishing_well, corexii_corridor_pit
D:2:      layout_rooms, uniq_robin
D:3:      layout_rooms, nicolae_dithmenos_through_a_glass_darkly, serial_bayou,
          serial_bayou_ford_a, serial_bayou_pond_e, serial_bayou_pond_a,
          serial_bayou_lagoon_a, serial_bayou_shore_b,
          nicolae_ecumenical_snake_handling

Skill      XL: |  1  2  3 |
---------------+----------+-----
Fighting       | 1 |  1.8
Dodging        | 2 |  2.5
Unarmed Combat | 3 |  3.7
Spellcasting   | 2 |  2.0
Transmutations | 2 |  2.3
Armour         | 1 |  1.8

Action                   |  1- 3 |  4- 6 || total
-------------------------+-------+-------++-------
Melee: Unarmed           |   112 |    67 ||   179
       Kick              |    14 |    14 ||    28
       Headbutt          |     4 |     5 ||     9
       Punch             |     6 |       ||     6
 Cast: Beastly Appendage |    11 |     5 ||    16
       Wereblood         |     5 |     3 ||     8
  Use: Potion            |     1 |       ||     1
 Stab: Sleeping          |     2 |       ||     2
Armor: Robe              |    14 |       ||    14
       Skin              |     8 |       ||     8
       Leather armour    |     5 |    18 ||    23
Dodge: Dodged            |    69 |    40 ||   109
